 Dungeon Crawl Stone Soup version 0.31-a0-1206-g41278d8d1d (webtiles) character file.

Game seed: 14660468918939971548

1549835 RepHenryClay the Crack Shot (level 27, 224/224 HPs)
             Began as a Gnoll Reaver on Dec 8, 2023.
             Was a High Priest of Cheibriados.
             Escaped with the Orb
             ... and 3 runes on Dec 14, 2023!
             The game lasted 04:13:04 (88366 turns).

RepHenryClay the Crack Shot (Gnoll Reaver)         Turns: 88366, Time: 04:13:04

Health: 224/224    AC: 38    Str: 33    XL:     27
Magic:  56/56      EV: 42    Int: 35    God:    Cheibriados [*****.]
Gold:   2453       SH: 29    Dex: 45    Spells: 3/66 levels left

rFire   + + +        a - +9 demon trident (freeze)
rCold   + + +        L - +2 shield of Resistance {rF++ rC++ Will++}
rNeg    + . .        B - +10 plate armour "Ariapelau" {MP+9 SInv}
rPois   +            p - +0 hat "Damnable Contraption" {^Drain rF+ Int+8 Stlth+}
rElec   +            e - +2 cloak {Will+}
rCorr   .            R - +0 pair of gloves {Dex+3}
SInv    +            (no boots)
Will    +++++        G - amulet of Lies {Reflect Harm rPois rC+ SH+5}
Stlth   ++           I - ring "Uttut" {rElec rC++ Str+5 Dex+6}
HPRegen 0.57/turn    F - ring of positive energy
MPRegen 0.35/turn

%: harm (+30% outgoing, +20% incoming), reflection
@: studying 2 skills, very slow
A: fangs 1, strong nose, distributed training, claws 1, hooves 1, horns 1,
iridescent scales 2, deterioration 1
0: Orb of Zot
}: 3/15 runes: barnacled, silver, gossamer
a: Renounce Religion, Bend Time, Temporal Distortion, Slouch, Step From Time


You escaped.
You worshipped Cheibriados.
Cheibriados was extremely pleased with you.
You visited 10 branches of the dungeon, and saw 48 of its levels.
You also visited: Trove, Sewer and Wizlab.

You collected 6407 gold pieces.
You spent 3954 gold pieces at shops.

Inventory:

Hand Weapons
 a - a +9 demon trident of freezing (weapon)
 b - the +5 demon whip "Spellbinder" {antimagic, disrupt, Will+}
   (You took it off a deep elf sorcerer on level 3 of the Elven Halls)

   Will+:     It increases your willpower.
Missiles
 j - 7 javelins
 x - 17 throwing nets
 X - 13 silver javelins (quivered)
Armour
 e - a +2 cloak of willpower (worn)
 l - the +1 robe of Vines {NoPotionHeal Regen++++}
   (You bought it in a shop on level 4 of the Vaults)

   NoPotionHeal: Its wearer cannot be healed by potions.
   Regen++++: It increases your rate of health regeneration.
 p - the +0 hat "Damnable Contraption" (worn) {^Drain rF+ Int+8 Stlth+}
   (You acquired it on level 2 of the Depths)

   Int+8:     It affects your intelligence (+8).
   rF+:       It protects you from fire.
   ^Drain:    It drains your maximum health when unequipped.
   Stlth+:    It makes you more stealthy.
 B - the +10 plate armour "Ariapelau" (worn) {MP+9 SInv}
   (You found it on level 3 of the Elven Halls)

   MP+9:      It affects your magic capacity (+9).
   SInv:      It lets you see invisible.
 L - the +2 shield of Resistance (worn) {rF++ rC++ Will++}
   (You bought it in a shop on level 2 of the Orcish Mines)

   rF++:      It greatly protects you from fire.
   rC++:      It greatly protects you from cold.
   Will++:    It greatly increases your willpower.
 R - a +0 pair of gloves of dexterity (worn)
Magical Staves
 m - a staff of death
Jewellery
 h - a ring of wizardry
 k - the ring of Eternal Harmony {+Blink rF+++ rC- rCorr Dex+6}
   (You took it off a tengu warrior on level 3 of the Depths)

   [ring of resist corrosion]

   Dex+6:     It affects your dexterity (+6).
   rF+++:     It renders you almost immune to fire.
   rC-:       It makes you vulnerable to cold.
   +Blink:    It lets you blink.
   rCorr:     It protects you from acid and corrosion.
 o - an amulet of regeneration
 F - a ring of positive energy (right hand)
 G - the amulet of Lies (around neck) {Reflect Harm rPois rC+ SH+5}
   (You found it on level 1 of the Shoals)

   [amulet of reflection]

   Reflect:   It reflects blocked missile attacks.
   rC+:       It protects you from cold.
   rPois:     It protects you from poison SH+5: It affects your SH (+5).
   Harm:      It increases damage dealt and taken.
 H - a ring of the Octopus King {rF+ HP+2 AC+2 EV+2 SH+2}
   (You took it off a deep elf pyromancer on level 3 of the Elven Halls)

   [ring of protection from fire]

   AC+2:      It affects your AC (+2).
   EV+2:      It affects your evasion (+2).
   rF+:       It protects you from fire.
   HP+2:      It affects your health (+2).
   SH+2:      It affects your SH (+2).
 I - the ring "Uttut" (left hand) {rElec rC++ Str+5 Dex+6}
   (You bought it in a shop on level 2 of the Orcish Mines)

   [ring of dexterity]

   Str+5:     It affects your strength (+5).
   Dex+6:     It affects your dexterity (+6).
   rC++:      It greatly protects you from cold.
   rElec:     It insulates you from electricity.
 W - a ring of wizardry
 Y - a +5 ring of evasion
 Z - a ring of see invisible
Wands
 y - a wand of charming (38)
 z - a wand of digging (21)
 D - a wand of iceblast (65)
 E - a wand of mindburst (9)
 V - a wand of quicksilver (23)
Scrolls
 c - 5 scrolls of fear
 d - 9 scrolls of fog
 f - 2 scrolls of enchant armour
 i - a scroll of amnesia
 n - 3 scrolls of butterflies
 r - a scroll of blinking
 s - 5 scrolls of torment
 t - 19 scrolls of identify {@r1}
 J - 2 scrolls of teleportation
 P - 5 scrolls of enchant weapon
 Q - a scroll of revelation
 S - 9 scrolls of immolation
 U - 2 scrolls of brand weapon
Potions
 q - 5 potions of ambrosia
 u - 14 potions of curing
 w - 2 potions of might
 A - 12 potions of mutation
 C - 5 potions of brilliance
 K - 2 potions of resistance
 M - 8 potions of magic
 N - 11 potions of enlightenment
 O - 7 potions of heal wounds
 T - 2 potions of invisibility
Miscellaneous
 g - a box of beasts
 v - a lightning rod (4/4)


   Skills:
 + Level 20.1 Fighting
 + Level 19.7 Short Blades
 + Level 19.7 Long Blades
 + Level 19.7 Axes
 + Level 20.5 Maces & Flails
 + Level 19.7 Polearms
 + Level 19.7 Staves
 + Level 24.3 Ranged Weapons
 + Level 19.7 Throwing
 + Level 19.7 Armour
 + Level 24.3 Dodging
 + Level 19.7 Stealth
 + Level 19.7 Shields
 + Level 19.7 Unarmed Combat
 + Level 20.2 Spellcasting
 + Level 17.5 Conjurations
 + Level 16.8 Hexes
 + Level 16.8 Summonings
 + Level 16.8 Necromancy
 + Level 16.8 Translocations
 + Level 16.8 Transmutations
 + Level 16.8 Fire Magic
 + Level 16.8 Ice Magic
 + Level 16.8 Air Magic
 + Level 16.8 Earth Magic
 + Level 16.8 Poison Magic
 + Level 21.2 Invocations
 + Level 19.7 Evocations
 + Level 18.2 Shapeshifting


You had 3 spell levels left.
You knew the following spells:

 Your Spells              Type           Power      Damage    Failure   Level
a - Magic Dart            Conj           100%       1d8       0%          1
b - Lee's Rapid Deconstr  Erth           50%        3d24*     1%          5
c - Shatter               Erth           50%        3d38*     98%         9
d - Sticky Flame          Conj/Fire      100%       2d11      1%          4
e - Fireball              Conj/Fire      51%        3d20      1%          5
f - Iskenderun's Battles  Conj           100%       2d15      1%          5
g - Iskenderun's Mystic   Conj/Tloc      100%       2d19      1%          4
h - Vhi's Electric Charg  Tloc/Air       100%       N/A       1%          4
i - Plasma Beam           Fire/Air       50%        2x1d65    1%          6
j - Dispersal             Tloc           50%        N/A       1%          6
k - Summon Forest         Summ/Tloc      50%        N/A       1%          5
l - Haunt                 Necr/Summ      50%        N/A       3%          7
Q - Blink                 Tloc           100%       N/A       0%          2

Your spell library contained the following spells:

 Spells                   Type           Power      Damage    Failure   Level
 Apportation              Tloc           100%       N/A       0%          1
 Foxfire                  Conj/Fire      100%       2x1d9     0%          1
 Freeze                   Ice            100%       1d10      0%          1
 Kiss of Death            Conj/Necr      100%       2d13      0%          1
 Slow                     Hex            100%       N/A       0%          1
 Sting                    Tmut/Pois      100%       1d8       0%          1
 Summon Small Mammal      Summ           100%       N/A       0%          1
 Call Imp                 Summ           100%       N/A       0%          2
 Cigotuvi's Dreadful Rot  Necr/Pois/Air  100%       N/A       0%          2
 Ensorcelled Hibernation  Hex/Ice        100%       N/A       0%          2
 Jinxbite                 Hex            100%       N/A       0%          2
 Lesser Beckoning         Tloc           100%       N/A       0%          2
 Momentum Strike          Conj/Tloc      100%       3d10      0%          2
 Passwall                 Tmut/Erth      84%        N/A       0%          2
 Poisonous Vapours        Pois/Air       100%       N/A       0%          2
 Scorch                   Fire           100%       2d9       0%          2
 Searing Ray              Conj           100%       2d8       0%          2
 Static Discharge         Conj/Air       100%       3-8/arc   0%          2
 Sublimation of Blood     Necr           100%       N/A       0%          2
 Wereblood                Tmut           100%       N/A       0%          2
 Call Canine Familiar     Summ           100%       N/A       0%          3
 Confusing Touch          Hex            100%       N/A       0%          3
 Frozen Ramparts          Ice            100%       1d16      0%          3
 Gell's Gravitas          Tloc           100%       N/A       0%          3
 Hailstorm                Conj/Ice       100%       3d16      0%          3
 Ignite Poison            Fire/Tmut/Pois 100%       N/A       0%          3
 Inner Flame              Hex/Fire       100%       N/A       0%          3
 Mephitic Cloud           Conj/Pois/Air  100%       N/A       0%          3
 Ozocubu's Armour         Ice            100%       N/A       0%          3
 Sigil of Binding         Hex            100%       N/A       0%          3
 Stone Arrow              Conj/Erth      100%       3d13      0%          3
 Summon Guardian Golem    Hex/Summ       100%       N/A       0%          3
 Teleport Other           Tloc           100%       N/A       0%          3
 Tukima's Dance           Hex            100%       N/A       0%          3
 Vampiric Draining        Necr           100%       2d13      0%          3
 Volatile Blastmotes      Fire/Tloc      100%       2d18      0%          3
 Airstrike                Air            50%        2d(8-24)  1%          4
 Animate Armour           Summ/Erth      100%       N/A       1%          4
 Animate Dead             Necr           100%       N/A       1%          4
 Brom's Barrelling Bould  Conj/Erth      100%       2d11      1%          4
 Cause Fear               Hex            50%        N/A       1%          4
 Dimensional Bullseye     Hex/Tloc       50%        N/A       1%          4
 Flame Wave               Conj/Fire      100%       2d21      1%          4
 Fulminant Prism          Conj/Hex       51%        3d23      1%          4
 Leda's Liquefaction      Hex/Erth       50%        N/A       1%          4
 Passage of Golubria      Tloc           100%       N/A       1%          4
 Petrify                  Tmut/Erth      100%       N/A       1%          4
 Summon Ice Beast         Ice/Summ       100%       N/A       1%          4
 Summon Lightning Spire   Summ/Air       100%       N/A       1%          4
 Alistair's Intoxication  Tmut/Pois      67%        N/A       1%          5
 Arcjolt                  Conj/Air       51%        1d61      1%          5
 Borgnjor's Vile Clutch   Necr/Erth      50%        N/A       1%          5
 Freezing Cloud           Conj/Ice/Air   50%        6-21      1%          5
 Irradiate                Conj/Tmut      51%        3d28      1%          5
 Metabolic Englaciation   Hex/Ice        50%        N/A       1%          5
 Silence                  Hex/Air        50%        N/A       1%          5
 Summon Mana Viper        Hex/Summ       100%       N/A       1%          5
 Yara's Violent Unravell  Hex/Tmut       50%        3d19      1%          5
 Bombard                  Conj/Erth      51%        9d9       1%          6
 Conjure Ball Lightning   Conj/Air       51%        3x3d18    1%          6
 Death Channel            Necr           50%        N/A       1%          6
 Simulacrum               Ice/Necr       50%        N/A       1%          6
 Summon Cactus Giant      Summ           50%        N/A       1%          6
 Orb of Destruction       Conj           51%        9d13      2%          7
 Spellforged Servitor     Conj/Summ      51%        N/A       2%          7
 Malign Gateway           Summ/Tloc      50%        N/A       3%          7
 Ozocubu's Refrigeration  Ice            50%        4d18      3%          7
 Lehudib's Crystal Spear  Conj/Erth      51%        10d12     22%         8
 Infestation              Necr           50%        N/A       26%         8
 Maxwell's Capacitive Co  Air            50%        ∞         26%         8
 Summon Horrible Things   Summ           50%        N/A       26%         8
 Chain Lightning          Conj/Air       51%        3d68      97%         9
 Fire Storm               Conj/Fire      51%        8d13      97%         9
 Dragon's Call            Summ           50%        N/A       98%         9


Dungeon Overview and Level Annotations

Branches:
Dungeon (15/15)            Temple (1/1) D:7            Lair (5/5) D:11
 Shoals (4/4) Lair:2       Spider (4/4) Lair:2        Slime (0/5) Lair:5
    Orc (2/2) D:9             Elf (3/3) Orc:2        Vaults (5/5) D:14
  Crypt (0/3) Vaults:2     Depths (4/4) D:15            Zot (5/5) Depths:4
  Sewer (visited)          WizLab (visited)

Altars:
Ashenzari
Cheibriados
Dithmenos
Elyvilon
Fedhas
Gozag
Hepliaklqana
Kikubaaqudgha
Makhleb
Nemelex Xobeh
Okawaru
Qazlal
Ru
Sif Muna
Trog
Uskayaw
Vehumet
Wu Jian
Xom
Yredelemnul
Zin
The Shining One
Jiyva

Shops:
D:5 =   D:7 *   Orc:2 :=*[   Elf:1 ::   Elf:3 =   Vaults:4 [

Portals:
Hell: Depths:1 Depths:2 Depths:3 Depths:4
Abyss: Depths:3
Pandemonium: Depths:2
Ziggurat: Depths:4

Annotations:
Orc:2 mystic blast
Elf:1 36 runed doors
Depths:4 exclusions: dread lich, very ugly thing and 2 more exclusions


Innate Abilities, Weirdness & Mutations

You have very sharp teeth.
Your uncanny sense of smell can sniff out nearby items.
Your experience applies equally to all skills.
You have sharp fingernails.
You have large cloven feet.
You have a pair of small horns on your head.
You are mostly covered in iridescent scales. (AC +4)
Your body sometimes deteriorates upon taking damage.


Message History

Casting: Plasma Beam (mildly dangerous; 1% risk of failure)
Confirm with . or Enter, or press ? or * to list all spells.
Casting: Plasma Beam (mildly dangerous; 1% risk of failure)
Press: ? - help, Dir - look around, f - activate The bolt of lightning hits the sixfirhy.
The sixfirhy completely resists.
The fiery plasma misses the sixfirhy.
A sixfirhy comes into view.
You puncture the sixfirhy! You freeze the sixfirhy. You kick the sixfirhy.
Your headbutt misses the sixfirhy. You bite the sixfirhy.
The sixfirhy is severely wounded.
You block the sixfirhy's attack. x3
You puncture the sixfirhy! You freeze the sixfirhy.
You kill the sixfirhy!
Cheibriados thoroughly appreciates the change of pace.
You block the sixfirhy's attack. x2; The sixfirhy completely misses you.
You hit the sixfirhy. You freeze the sixfirhy. Your kick misses the sixfirhy.
Your headbutt misses the sixfirhy.
The sixfirhy is lightly wounded.
You block the sixfirhy's attack. x2
You miss the sixfirhy. Your kick misses the sixfirhy.
You headbutt the sixfirhy, but do no damage.
The sixfirhy is lightly wounded.
You puncture the sixfirhy! You freeze the sixfirhy.
Your kick misses the sixfirhy. You headbutt the sixfirhy!
You bite the sixfirhy, but do no damage.
The sixfirhy is almost dead.
You hit the sixfirhy. You freeze the sixfirhy. You kick the sixfirhy.
You kill the sixfirhy!
Cheibriados thoroughly appreciates the change of pace.
No target in view!
What level of the Dungeon? (default 1, ? - help) Magic restored.
There is a stone staircase leading up here.
You climb upwards.
There is a stone staircase leading down here.
There is a stone staircase leading up here.
You climb upwards.
There is a stone staircase leading down here.
There is a staircase leading out of the dungeon here.
You have escaped!

....##......######## ##...#
.##.##.#.#..# #.....
.[.......#.)# ##...#
###.##.###..## ##.#.
###.##.###...### ###########
####
....##.........####....)....#
#..
######...≈≈≈§§..##...≈≈≈≈...#
#.. ##.≈§≈≈§≈§.....≈≈≈≈≈≈..#
#..
####.§≈≈≈§§§.>@).≈≈≈≈≈≈..#
#).
####....≈≈§§≈≈......≈≈≈≈≈≈..#
#..
.....##§§§≈§§..####..≈≈≈≈...#
#.. .....###......##
##......#.# #.. .##..#
#..###.# #....###.# #..
.##..###.## #.## ##........#
#.. .##......#
#..####..##.##########.
.###.###.# ##......###.#
#...)... .###.#
#.#####.###### #.# #.#####.


There were no monsters in sight!

Vanquished Creatures
  A seraph (D:15)
  A dread lich (Vaults:4)
  4 ancient liches
  12 orbs of fire (Zot:5)
  Vv (Zot:2)
  3 Killer Klowns
  Parghit (Zot:2)
  4 curse toes
  17 golden dragons
  A pandemonium lord (Zot:4)
  2 electric golems (Zot:5)
  An Ice Fiend (Zot:4)
  26 tentacled monstrosities
  25 Orb Guardians (Zot:5)
  A deep elf blademaster (Elf:3)
  Jorgrun (Shoals:3)
  8 titans
  The ghost of jlumianski the Martial Artist, an adept GnSh of Wu Jian (Spider:3)
  4 deep elf master archers (Elf:3)
  9 quicksilver dragons
  An ancient champion (Vaults:2)
  2 sphinxes
  An Executioner (Zot:2)
  Polyphemus (Shoals:4)
  14 death cobs
  2 acid blobs (Zot:4)
  14 shadow dragons
  Kirke (D:13)
  Aizul (Elf:1)
  A tentacled starspawn (Zot:4)
  A daeva (D:15)
  10 tengu reavers
  26 storm dragons
  9 draconian monks
  5 draconian knights
  13 fire giants
  2 emperor scorpions (shapeshifter) (Depths:3)
  The ghost of jasper the Fighter, a journeyman TrBe of Trog (Orc:1)
  9 emperor scorpions
  7 deep elf sorcerers
  7 balrugs
  26 vault wardens
  8 frost giants
  9 ghost moths
  5 orc warlords
  7 draconian scorchers
  6 deep elf elementalists (Elf:3)
  3 caustic shrike zombies (Zot:4)
  9 draconian shifters
  5 draconian stormcallers
  A juggernaut zombie (Depths:1)
  Louise (Spider:3)
  4 ironbound thunderhulks
  A cacodemon (D:3)
  4 broodmothers
  14 draconian annihilators
  2 formless jellyfish
  A formless jellyfish (shapeshifter) (Depths:3)
  21 very ugly things
  11 stone giants
  12 war gargoyles
  19 ironbound preservers
  5 quicksilver oozes (Zot:4)
  A vampire knight (Depths:3)
  The ghost of Adatourgh the Spry, a journeyman KoHu of Okawaru (Elf:3)
  A black draconian (shapeshifter) (Depths:3)
  25 green draconians
  13 spark wasps
  11 black draconians
  8 deep elf annihilators
  6 lorocyprocas (Zot:4)
  11 yellow draconians
  A bunyip (shapeshifter) (Depths:3)
  8 deep elf demonologists
  8 dire elephants
  24 white draconians
  A minotaur (shapeshifter) (Depths:3)
  Snorg (Lair:5)
  A halazid warlock (Zot:4)
  14 purple draconians
  23 red draconians
  5 blizzard demons
  4 deep elf death magi
  3 merfolk javelineers
  7 crystal guardians
  9 fire dragons
  Josephine (D:15)
  10 ettins
  8 yaktaur captains
  10 deep elf high priests
  9 merfolk impalers
  Harold (D:10)
  9 great orbs of eyes
  6 catoblepae
  7 peacekeepers
  9 entropy weavers
  38 vault guards
  A jorogumo (Spider:4)
  2 rakshasas
  6 boulder beetles
  6 hydras
  5 ice dragons
  Erica (Lair:1)
  3 spriggan air magi
  3 radroaches
  12 ironbound frosthearts
  9 centaur warriors
  2 merfolk aquamancers
  3 death knights (D:15)
  7 two-headed ogres
  4 alligator snapping turtles
  35 dancing weapons
  6 ogre magi
  A satyr (shapeshifter) (Depths:3)
  7 deep troll shamans
  A merfolk avatar (Shoals:1)
  A two-headed ogre (shapeshifter) (Depths:3)
  24 death yaks
  9 deep troll earth magi
  6 demonic crawlers
  3 hell hogs (Depths:1)
  6 satyrs
  8 tengu warriors
  5 occultists
  The ghost of croobank the Insei, a novice OpSh of Ashenzari (D:8)
  7 orc high priests
  Nergalle (Lair:1)
  A shock serpent (shapeshifter) (Vaults:5)
  20 deep elf knights
  2 soul eaters
  7 hell knights
  Amaemon (D:10)
  8 iron trolls
  11 skeletal warriors
  A sun moth (Spider:3)
  12 pharaoh ants
  2 death drakes (Depths:4)
  41 deep trolls
  6 skysharks
  10 glowing orange brains
  A goliath frog (shapeshifter) (Zot:4)
  2 sixfirhies (D:3)
  13 sea snakes
  2 flayed ghosts
  12 deep elf archers
  7 orb spiders
  3 glowing orange brains (shapeshifter)
  8 steelbarb worms
  3 arcanists
  2 sea snakes (shapeshifter)
  18 orc knights
  An obsidian statue (Depths:3)
  4 phantasmal warriors
  17 ironbound convokers
  4 orange crystal statues
  11 lindwurms
  22 deep elf zephyrmancers
  9 harpies
  3 necromancers
  An iron dragon zombie (Depths:1)
  A lindwurm (shapeshifter) (Depths:3)
  5 orc sorcerers
  42 deep elf pyromancers
  19 wolf spiders
  14 ugly things
  2 shining eyes (shapeshifter)
  27 manticores
  22 fauns
  41 moths of wrath
  A will-o-the-wisp (Zot:4)
  3 cyclopes
  A tengu skeleton (Depths:1)
  2 black mambas
  4 elephants
  A moth of wrath (shapeshifter) (Zot:4)
  9 merfolk sirens
  A guardian serpent (shapeshifter) (Vaults:5)
  5 kobold blastminers
  23 vault sentinels
  A rust devil (Zot:2)
  3 torpor snails
  7 water nymphs
  A frost giant skeleton (Depths:1)
  A water nymph (shapeshifter) (Vaults:4)
  A centaur zombie (D:15)
  10 cane toads
  6 smoke demons (Depths:1)
  Maggie (D:10)
  A molten gargoyle (Depths:3)
  An orange demon (D:10)
  A centaur skeleton (D:15)
  An unseen horror (shapeshifter) (Vaults:5)
  4 rime drakes
  An efreet (D:12)
  3 freezing wraiths (D:15)
  31 yaktaurs
  15 komodo dragons
  7 tengu conjurers
  A yaktaur (shapeshifter) (Depths:2)
  7 meliai
  32 merfolk
  A red devil (Depths:4)
  2 polar bears
  A merfolk (shapeshifter) (Vaults:5)
  3 trolls
  A queen bee (Spider:1)
  12 wind drakes
  34 tarantellas
  11 snapping turtles
  23 blink frogs
  9 dream sheep
  A snapping turtle (shapeshifter) (Depths:3)
  3 raiju (Depths:3)
  4 glass eyes
  40 jumping spiders
  40 culicivoras
  2 shadows
  16 slime creatures
  16 wraiths
  11 air elementals
  6 fire elementals
  18 water elementals
  9 wyverns
  2 hogs
  Grum (D:11)
  39 yaks
  9 basilisks
  80 redbacks
  5 vampire mosquitoes
  4 steam dragons
  A two-headed ogre zombie (D:9)
  2 acid dragons
  17 water moccasins
  Duvessa (D:6)
  30 orc warriors
  3 ice beasts
  A sky beast (D:4)
  2 black bears
  15 wolves
  10 ogres
  4 centaurs
  6 kobold brigands
  2 phantoms
  Blork the orc (D:6)
  16 bullfrogs
  2 scorpions
  13 earth elementals
  15 wights
  A hornet simulacrum (D:15)
  Dowan (D:6)
  19 killer bees
  5 howler monkeys
  11 electric eels
  19 jellies
  30 orc priests
  A gnoll bouda (D:7)
  6 iguanas
  2 sleepcaps (D:8)
  26 orc wizards
  7 ogre zombies (D:9)
  Robin (D:2)
  21 gnolls
  11 adders
  A river rat (D:3)
  A shadow imp (D:6)
  4 white imps
  2 ufetubi (D:7)
  A worm (D:2)
  2 dart slugs
  85 orcs
  12 ball pythons
  14 endoplasms
  11 giant cockroaches
  5 gnoll zombies (D:9)
  19 goblins
  5 hobgoblins (D:1)
  33 kobolds
  16 quokkas
  2 bats (D:2)
  6 frilled lizards (Sewer)
  A gnoll skeleton (D:9)
  An orc skeleton (D:9)
  18 orc zombies (D:9)
  4 rats
  A ball lightning (Depths:3)
  A butterfly (Zot:4)
2478 creatures vanquished.

Vanquished Creatures (collateral kills)
  An orb of fire (Zot:5)
  A Killer Klown (Zot:5)
  A lich (Zot:4)
  A death cob (Zot:1)
  A storm dragon (Zot:3)
  A draconian scorcher (Depths:4)
  A draconian stormcaller (Zot:2)
  A very ugly thing (Depths:4)
  A black draconian (Zot:2)
  A purple draconian (Zot:2)
  2 white draconians
  A yaktaur captain (Vaults:5)
  2 ugly things (Depths:4)
15 creatures vanquished.

Vanquished Creatures (others)
  A shadow dragon (Depths:4)
  A fire giant (Vaults:4)
  A draconian annihilator (Depths:4)
  A ghost moth (Zot:4)
  A centaur warrior (Vaults:1)
  A deep troll (Vaults:1)
  A kobold blastminer (Orc:2)
  4 water elementals
  A golden eye (shapeshifter) (Vaults:5)
  A fire elemental (Depths:3)
  A human (D:8)
  A howler monkey (D:13)
  2 orc wizards (Orc:2)
  2 orcs (Orc:2)
  4 ball lightnings (Depths:3)
  3 foxfires (Zot:4)
  2 snaplasher vines
  2 starspawn tentacles (Zot:4)
30 creatures vanquished.

Grand Total: 2523 creatures vanquished

Notes
Turn   | Place    | Note
-------+----------+-------------------------------------------
     0 | D:1      | RepHenryClay the Gnoll Reaver began the quest for the Orb.
     0 | D:1      | Reached XP level 1. HP: 20/20 MP: 6/6
   309 | D:1      | Reached XP level 2. HP: 26/26 MP: 7/7
   312 | D:1      | Learned a level 2 spell: Momentum Strike
   802 | D:1      | Found a faded altar of an unknown god.
  1104 | D:2      | Got the Essays on the Vile Cwm
  1142 | D:2      | Reached XP level 3. HP: 31/31 MP: 9/9
  1231 | D:2      | Reached skill level 5 in Spellcasting
  1292 | D:2      | Noticed Robin
  1393 | D:2      | Reached skill level 1 in Invocations
  1436 | D:2      | Killed Robin
  1437 | D:2      | Reached skill level 1 in Short Blades
  1437 | D:2      | Reached skill level 1 in Long Blades
  1437 | D:2      | Reached skill level 1 in Axes
  1437 | D:2      | Reached skill level 1 in Polearms
  1437 | D:2      | Reached skill level 1 in Staves
  1437 | D:2      | Reached skill level 1 in Ranged Weapons
  1437 | D:2      | Reached skill level 1 in Throwing
  1437 | D:2      | Reached skill level 1 in Armour
  1437 | D:2      | Reached skill level 1 in Stealth
  1437 | D:2      | Reached skill level 1 in Shields
  1437 | D:2      | Reached skill level 1 in Unarmed Combat
  1437 | D:2      | Reached skill level 1 in Evocations
  1536 | D:2      | Reached skill level 1 in Shapeshifting
  1536 | D:2      | Reached XP level 4. HP: 32/35 MP: 11/11
  1855 | D:3      | Found a glowing drain.
  1871 | D:3      | Reached skill level 1 in Hexes
  1871 | D:3      | Reached skill level 1 in Summonings
  1871 | D:3      | Reached skill level 1 in Necromancy
  1871 | D:3      | Reached skill level 1 in Translocations
  1871 | D:3      | Reached skill level 1 in Transmutations
  1871 | D:3      | Reached skill level 1 in Fire Magic
  1871 | D:3      | Reached skill level 1 in Ice Magic
  1871 | D:3      | Reached skill level 1 in Air Magic
  1871 | D:3      | Reached skill level 1 in Earth Magic
  1871 | D:3      | Reached skill level 1 in Poison Magic
  1914 | Sewer    | Entered a sewer
  2061 | Sewer    | Reached XP level 5. HP: 32/43 MP: 12/12
  2501 | Sewer    | Reached XP level 6. HP: 48/48 MP: 13/13
  2513 | Sewer    | Reached skill level 5 in Fighting
  2513 | Sewer    | Reached skill level 5 in Dodging
  3621 | D:4      | Reached XP level 7. HP: 40/56 MP: 15/15
  4366 | D:4      | Upgraded the game from 0.31-a0-1074-g0b22e4e0f1 to
                  | 0.31-a0-1163-gcee99d1eea
  4373 | D:5      | Entered Level 5 of the Dungeon
  4382 | D:5      | Found Decoluy's Jewellery Shop.
  4710 | D:5      | Reached XP level 8. HP: 63/63 MP: 16/16
  5479 | D:6      | Noticed Blork the orc
  5495 | D:6      | Killed Blork the orc
  5510 | D:6      | Found an opulent altar of Gozag.
  5702 | D:6      | Found a sacrificial altar of Ru.
  5724 | D:6      | Found a hide-covered altar of Uskayaw.
  5844 | D:6      | Found a basalt altar of Yredelemnul.
  5846 | D:6      | Found a shadowy altar of Dithmenos.
  5849 | D:6      | Found an iron altar of Okawaru.
  5850 | D:6      | Found a radiant altar of Vehumet.
  5855 | D:6      | Found a glowing golden altar of the Shining One.
  5856 | D:6      | Found a stormy altar of Qazlal.
  6222 | D:6      | Noticed Duvessa
  6802 | D:6      | Reached XP level 9. HP: 36/69 MP: 18/18
  7991 | D:7      | Found Yroalomi's Assorted Antiques.
  8040 | D:7      | Identified the +2 hand axe "Ymilyhiu" {holy, +Blink Will+
                  | rCorr Int-4}
  8643 | D:7      | Found a staircase to the Ecumenical Temple.
  8649 | Temple   | Entered the Ecumenical Temple
  8658 | Temple   | Became a worshipper of Cheibriados the Contemplative
  8702 | D:7      | Reached skill level 5 in Invocations
  9434 | D:8      | Reached * piety under Cheibriados
  9501 | D:8      | Found a runed translucent door.
  9501 | D:8      | Noticed croobank's ghost (novice OpSh)
  9549 | D:8      | Learned a level 4 spell: Flame Wave
  9554 | D:8      | Learned a level 4 spell: Sticky Flame
  9731 | D:8      | Reached XP level 10. HP: 77/77 MP: 20/20
  9905 | D:8      | Found an ancient bone altar of Kikubaaqudgha.
  9945 | D:8      | Reached skill level 5 in Short Blades
  9945 | D:8      | Reached skill level 5 in Long Blades
  9945 | D:8      | Reached skill level 5 in Axes
  9945 | D:8      | Reached skill level 5 in Polearms
  9945 | D:8      | Reached skill level 5 in Staves
  9945 | D:8      | Reached skill level 5 in Ranged Weapons
  9945 | D:8      | Reached skill level 5 in Throwing
  9945 | D:8      | Reached skill level 5 in Armour
  9945 | D:8      | Reached skill level 5 in Stealth
  9945 | D:8      | Reached skill level 5 in Shields
  9945 | D:8      | Reached skill level 5 in Unarmed Combat
  9945 | D:8      | Reached skill level 5 in Evocations
 10990 | D:8      | Reached ** piety under Cheibriados
 12055 | D:9      | Reached skill level 5 in Shapeshifting
 12211 | D:9      | Learned a level 2 spell: Blink
 12418 | D:9      | Found a staircase to the Orcish Mines.
 12698 | D:10     | Entered Level 10 of the Dungeon
 12786 | D:10     | Reached *** piety under Cheibriados
 13176 | D:10     | Noticed Harold
 13216 | D:10     | Killed Harold
 13217 | D:10     | Reached XP level 11. HP: 34/84 MP: 19/22
 13686 | D:10     | Noticed Amaemon
 13697 | D:10     | Killed Amaemon
 13698 | D:10     | Reached skill level 5 in Hexes
 13698 | D:10     | Reached skill level 5 in Summonings
 13698 | D:10     | Reached skill level 5 in Necromancy
 13698 | D:10     | Reached skill level 5 in Translocations
 13698 | D:10     | Reached skill level 5 in Transmutations
 13698 | D:10     | Reached skill level 5 in Fire Magic
 13698 | D:10     | Reached skill level 5 in Ice Magic
 13698 | D:10     | Reached skill level 5 in Air Magic
 13698 | D:10     | Reached skill level 5 in Earth Magic
 13698 | D:10     | Reached skill level 5 in Poison Magic
 14011 | D:10     | Noticed a two-headed ogre
 14024 | D:10     | Killed a two-headed ogre
 14254 | D:10     | Found a blossoming altar of Fedhas.
 14344 | D:10     | Noticed Maggie
 14373 | D:10     | Killed Maggie
 14580 | D:10     | Reached **** piety under Cheibriados
 14651 | D:10     | Found a burning altar of Makhleb.
 15049 | D:11     | Noticed a manticore
 15068 | D:11     | Learned a level 5 spell: Iskenderun's Battlesphere
 15070 | D:11     | Learned a level 1 spell: Magic Dart
 15084 | D:11     | Killed a manticore
 15557 | D:11     | Noticed a two-headed ogre
 15563 | D:11     | Killed a two-headed ogre
 15657 | D:11     | Noticed a boulder beetle
 15674 | D:11     | Killed a boulder beetle
 15788 | D:11     | Found a staircase to the Lair.
 15933 | D:11     | Noticed Grum
 15955 | D:11     | Killed Grum
 15955 | D:11     | Reached ***** piety under Cheibriados
 16120 | D:11     | You fall into a shaft and drop 1 floor!
 16364 | D:11     | Reached XP level 12. HP: 71/94 MP: 11/24
 16727 | Lair:1   | Entered Level 1 of the Lair of Beasts
 16727 | Lair:1   | Noticed Erica
 16733 | Lair:1   | Killed Erica
 17293 | Lair:1   | Reached skill level 10 in Maces & Flails
 17493 | Lair:1   | Noticed Nergalle
 17504 | Lair:1   | Killed Nergalle
 17805 | Lair:1   | Noticed a catoblepas
 17814 | Lair:1   | Killed a catoblepas
 18442 | Lair:2   | Reached ****** piety under Cheibriados
 18445 | Lair:2   | Reached XP level 13. HP: 79/101 MP: 9/26
 18805 | Lair:2   | Found a hole to the Spider Nest.
 19091 | Lair:2   | Found a staircase to the Shoals.
 19746 | Lair:3   | Learned a level 3 spell: Vampiric Draining
 20092 | Lair:3   | Reached skill level 10 in Spellcasting
 20649 | Lair:4   | HP: 5/103 [basilisk (5)]
 20658 | Lair:4   | Reached skill level 10 in Fighting
 20658 | Lair:4   | Reached skill level 10 in Dodging
 21073 | Lair:4   | Upgraded the game from 0.31-a0-1163-gcee99d1eea to
                  | 0.31-a0-1165-g196b491b36
 21375 | Lair:4   | Reached XP level 14. HP: 110/110 MP: 25/28
 21593 | Lair:4   | Reached skill level 10 in Invocations
 22420 | Lair:5   | Entered Level 5 of the Lair of Beasts
 23504 | Lair:5   | Found a viscous altar of Jiyva.
 23506 | Lair:5   | Found a staircase to the Slime Pits.
 23628 | Lair:5   | Noticed Snorg
 23639 | Lair:5   | Killed Snorg
 24722 | Orc:1    | Entered Level 1 of the Orcish Mines
 24738 | Orc:1    | Noticed an orc warlord
 24814 | D:9      | Killed an orc warlord
 25044 | Orc:1    | Reached skill level 10 in Conjurations
 25053 | Orc:1    | Reached XP level 15. HP: 66/117 MP: 19/30
 25197 | Orc:1    | Found a runed translucent gate.
 25256 | Orc:1    | Found a runed translucent gate.
 25532 | Orc:1    | Found a runed translucent gate.
 25536 | Orc:1    | Noticed jasper's ghost (journeyman TrBe)
 25716 | Orc:2    | Entered Level 2 of the Orcish Mines
 26015 | Orc:2    | Found a staircase to the Elven Halls.
 26261 | Orc:2    | Reached skill level 10 in Short Blades
 26261 | Orc:2    | Reached skill level 10 in Long Blades
 26261 | Orc:2    | Reached skill level 10 in Axes
 26261 | Orc:2    | Reached skill level 10 in Polearms
 26261 | Orc:2    | Reached skill level 10 in Staves
 26261 | Orc:2    | Reached skill level 10 in Ranged Weapons
 26261 | Orc:2    | Reached skill level 10 in Throwing
 26261 | Orc:2    | Reached skill level 10 in Armour
 26261 | Orc:2    | Reached skill level 10 in Stealth
 26261 | Orc:2    | Reached skill level 10 in Shields
 26261 | Orc:2    | Reached skill level 10 in Unarmed Combat
 26261 | Orc:2    | Reached skill level 10 in Evocations
 26521 | Orc:2    | Noticed an orc warlord
 26553 | Orc:2    | Killed an orc warlord
 27507 | Orc:2    | Found Dosu Xeo's Antique Armour Shoppe.
 27507 | Orc:2    | Found Piubbus's Assorted Antiques.
 27509 | Orc:2    | Found Semast's Jewellery Shoppe.
 27509 | Orc:2    | Found Heosuykh's Book Shop.
 27521 | Orc:2    | Bought a shimmering silver ring for 120 gold pieces
 27521 | Orc:2    | Identified the ring "Uttut" {rElec rC++ Str+5 Dex+6} (You
                  | bought it in a shop on level 2 of the Orcish Mines)
 28481 | D:13     | Identified the +1 rapier of Oddubus {protect, Fragile
                  | +Blink rF+ rN+}
 28539 | D:13     | Found a bloodstained altar of Trog.
 29300 | D:14     | Noticed Kirke
 29349 | D:13     | Killed Kirke
 29537 | D:14     | Found a shimmering altar of Xom.
 29806 | D:14     | Found a white marble altar of Elyvilon.
 29840 | D:14     | Learned a level 4 spell: Vhi's Electric Charge
 29934 | D:14     | Found a gate to the Vaults.
 30012 | D:14     | Reached XP level 16. HP: 126/126 MP: 24/31
 30066 | D:14     | Found a shimmering altar of Xom.
 30069 | D:14     | Found a shimmering altar of Xom.
 30069 | D:14     | Found a shimmering altar of Xom.
 30070 | D:14     | Found a shimmering altar of Xom.
 30330 | Orc:2    | Bought the +2 shield of Resistance {rF++ rC++ Will++} for
                  | 1974 gold pieces
 30330 | Orc:2    | Found the +2 shield of Resistance {rF++ rC++ Will++}
 30516 | D:15     | Entered Level 15 of the Dungeon
 30537 | D:15     | Noticed Josephine
 30549 | D:15     | Killed Josephine
 30943 | Spider:1 | Entered Level 1 of the Spider Nest
 31363 | D:6      | Noticed Dowan
 31370 | D:6      | Killed Dowan
 31374 | D:6      | Killed Duvessa
 31463 | D:8      | Killed croobank's ghost
 31613 | D:12     | Reached skill level 10 in Shapeshifting
 31935 | Orc:1    | Killed jasper's ghost
 33246 | Spider:1 | You fall into a shaft and drop 1 floor!
 34183 | Spider:2 | Reached XP level 17. HP: 134/134 MP: 21/33
 35328 | Spider:3 | Found a large runed translucent door.
 35328 | Spider:3 | Found a large runed translucent door.
 35343 | Spider:3 | Noticed jlumianski's ghost (adept GnSh)
 35616 | Spider:3 | Reached skill level 10 in Hexes
 35616 | Spider:3 | Reached skill level 10 in Summonings
 35616 | Spider:3 | Reached skill level 10 in Necromancy
 35616 | Spider:3 | Reached skill level 10 in Translocations
 35616 | Spider:3 | Reached skill level 10 in Transmutations
 35616 | Spider:3 | Reached skill level 10 in Fire Magic
 35616 | Spider:3 | Reached skill level 10 in Ice Magic
 35616 | Spider:3 | Reached skill level 10 in Air Magic
 35616 | Spider:3 | Reached skill level 10 in Earth Magic
 35616 | Spider:3 | Reached skill level 10 in Poison Magic
 36447 | Spider:3 | Killed jlumianski's ghost
 36615 | Spider:4 | Entered Level 4 of the Spider Nest
 36984 | Spider:4 | Identified the +0 tower shield of Spring {rElec rPois
                  | Dex+4}
 36984 | Spider:4 | Noticed Louise
 37033 | Spider:3 | Killed Louise
 38833 | Spider:4 | Reached XP level 18. HP: 143/143 MP: 30/35
 39308 | Spider:4 | Got a gossamer rune of Zot
 39314 | Spider:4 | Identified the orb "Zawehez" {*channel, rC++ Str-2 Air}
 39574 | D:5      | Upgraded the game from 0.31-a0-1165-g196b491b36 to
                  | 0.31-a0-1172-g9944ec47dd
 39728 | Shoals:1 | Entered Level 1 of the Shoals
 40159 | Shoals:1 | Learned a level 6 spell: Plasma Beam
 40519 | Shoals:1 | Found a transporter.
 40549 | Shoals:1 | Found a transporter.
 40908 | Shoals:1 | Learned a level 5 spell: Lee's Rapid Deconstruction
 41164 | Shoals:1 | Identified the amulet of Lies {Reflect Harm rPois rC+ SH+5}
 43450 | Shoals:3 | Noticed Jorgrun
 43454 | Shoals:3 | Killed Jorgrun
 44530 | Shoals:4 | Entered Level 4 of the Shoals
 44680 | Shoals:4 | Noticed Polyphemus
 44833 | Shoals:4 | Reached XP level 19. HP: 151/151 MP: 19/36
 45463 | Shoals:4 | Killed Polyphemus
 46558 | Shoals:4 | Got a barnacled rune of Zot
 47293 | Vaults:1 | Entered Level 1 of the Vaults
 47354 | Vaults:1 | Found a magical portal.
 47363 | WizLab   | Entered Wucad Mu's Monastery
 47582 | WizLab   | Found the crystal ball of Wucad Mu {*channel}
 47789 | WizLab   | Reached XP level 20. HP: 159/159 MP: 38/38
 48632 | Vaults:1 | Reached skill level 15 in Maces & Flails
 50287 | Vaults:2 | Reached skill level 15 in Invocations
 50303 | Vaults:2 | Reached skill level 15 in Ranged Weapons
 50325 | Vaults:2 | Reached XP level 21. HP: 166/166 MP: 32/39
 50698 | Vaults:2 | Reached skill level 15 in Dodging
 50846 | Vaults:2 | Upgraded the game from 0.31-a0-1172-g9944ec47dd to
                  | 0.31-a0-1178-gc5c9b8f871
 51531 | Vaults:2 | Found a staircase to the Crypt.
 52643 | Vaults:3 | Reached skill level 15 in Spellcasting
 53184 | Vaults:3 | Reached skill level 15 in Fighting
 53646 | Vaults:3 | You fall into a shaft and drop 1 floor!
 53953 | Vaults:3 | Identified the +6 long sword "Icrakul" {protect, rPois
                  | Will++}
 54677 | Vaults:4 | Found Tiom's Antique Armour Emporium.
 54946 | Vaults:4 | Reached XP level 22. HP: 175/175 MP: 24/41
 55871 | Vaults:4 | Learned a level 5 spell: Fireball
 56147 | Vaults:4 | Noticed an ancient lich
 56164 | Vaults:4 | Killed an ancient lich
 56189 | Vaults:4 | Found the +8 storm bow {elec, penet}
 56507 | Vaults:4 | Identified the +1 dagger of Mouvous {drain, rC+}
 57086 | D:15     | Reached skill level 15 in Short Blades
 57086 | D:15     | Reached skill level 15 in Long Blades
 57086 | D:15     | Reached skill level 15 in Axes
 57086 | D:15     | Reached skill level 15 in Polearms
 57086 | D:15     | Reached skill level 15 in Staves
 57086 | D:15     | Reached skill level 15 in Throwing
 57086 | D:15     | Reached skill level 15 in Armour
 57086 | D:15     | Reached skill level 15 in Stealth
 57086 | D:15     | Reached skill level 15 in Shields
 57086 | D:15     | Reached skill level 15 in Unarmed Combat
 57086 | D:15     | Reached skill level 15 in Evocations
 58047 | D:15     | Found a staircase to the Depths.
 58284 | Orc:2    | Bought a ring of positive energy for 260 gold pieces
 58360 | Elf:1    | Entered Level 1 of the Elven Halls
 58364 | Elf:1    | Identified the serpent talisman of Gallantry {Dex+5}
 58364 | Elf:1    | Noticed Aizul
 58377 | Elf:1    | Killed Aizul
 58482 | Elf:1    | Found a huge runed gate.
 58482 | Elf:1    | Found a huge runed gate.
 58516 | Elf:1    | Found a huge runed gate.
 58518 | Elf:1    | Found a huge runed gate.
 58518 | Elf:1    | Found a huge runed gate.
 58519 | Elf:1    | Found a huge runed gate.
 58519 | Elf:1    | Found a huge runed gate.
 58520 | Elf:1    | Found a huge runed gate.
 58522 | Elf:1    | Found a huge runed gate.
 58522 | Elf:1    | Found a huge runed gate.
 58523 | Elf:1    | Found a huge runed gate.
 58524 | Elf:1    | Found a huge runed gate.
 58530 | Elf:1    | Found a huge runed gate.
 58530 | Elf:1    | Found a huge runed gate.
 58592 | Elf:1    | Found a huge runed gate.
 58593 | Elf:1    | Found a huge runed gate.
 58594 | Elf:1    | Found a huge runed gate.
 58595 | Elf:1    | Found a huge runed gate.
 58596 | Elf:1    | Found a huge runed gate.
 58597 | Elf:1    | Found a huge runed gate.
 58598 | Elf:1    | Found a huge runed gate.
 58599 | Elf:1    | Found a huge runed gate.
 58600 | Elf:1    | Found a huge runed gate.
 58601 | Elf:1    | Found a huge runed gate.
 58649 | Elf:1    | You fall into a shaft and drop 1 floor!
 58851 | Elf:2    | Found a runed translucent gate.
 58852 | Elf:2    | Found a runed translucent gate.
 58853 | Elf:2    | Found a runed translucent gate.
 59131 | Elf:1    | Found Azoann's Self-Published Books.
 59300 | Elf:1    | Reached XP level 23. HP: 183/183 MP: 43/43
 59471 | Elf:1    | Found Jivyra's Book Emporium.
 59777 | Elf:1    | Found a huge runed gate.
 59777 | Elf:1    | Found a huge runed gate.
 59777 | Elf:1    | Found a huge runed gate.
 59779 | Elf:1    | Found a huge runed gate.
 59786 | Elf:1    | Found a huge runed gate.
 59786 | Elf:1    | Found a huge runed gate.
 59786 | Elf:1    | Found a huge runed gate.
 59787 | Elf:1    | Found a huge runed gate.
 59788 | Elf:1    | Found a huge runed gate.
 59789 | Elf:1    | Found a huge runed gate.
 59790 | Elf:1    | Found a huge runed gate.
 59791 | Elf:1    | Found a huge runed gate.
 60180 | Elf:2    | Paralysed by an air elemental for 1 turns
 61385 | Elf:3    | Entered Level 3 of the Elven Halls
 61401 | Elf:3    | Noticed Adatourgh's ghost (journeyman KoHu)
 61401 | Elf:3    | Found a runed translucent door.
 61523 | Elf:3    | Found Mavoadug's Jewellery Shoppe.
 61743 | Elf:3    | Killed Adatourgh's ghost
 62311 | Elf:3    | Found the ring of the Octopus King {rF+ HP+2 AC+2 EV+2
                  | SH+2}
 62316 | Elf:3    | Identified the +1 robe of Ennui {Harm SInv Stlth+ Archmagi}
 62326 | Elf:3    | Identified the +5 dagger "Gashary" {venom, Int+4}
 62337 | Elf:3    | Identified the +0 leather armour "Oluer" {Rampage Str+3}
 62393 | Elf:3    | Identified the +0 leather armour "Athrimin" {rF+}
 62591 | Elf:3    | Got the Enchiridion on Peregrination
 62608 | Elf:3    | Got the Dissertation on Percussion and Phantasms
 62613 | Elf:3    | Got the Lessons on Hoarfrost
 62652 | Elf:3    | Identified the +10 plate armour "Ariapelau" {MP+9 SInv}
 63031 | Depths:1 | Entered Level 1 of the Depths
 63624 | Depths:1 | Reached XP level 24. HP: 170/193 MP: 43/43
 63871 | Depths:1 | You fall into a shaft and drop 1 floor!
 63916 | Depths:1 | Identified the +1 lajatang of Cunlon {drain, rPois}
 63977 | Depths:1 | Found a gateway to Hell.
 64316 | Depths:1 | Found a portal to a secret trove of treasure.
 64884 | Depths:2 | Found a one-way gate leading to the halls of Pandemonium.
 65467 | Depths:2 | Reached skill level 15 in Shapeshifting
 65610 | Depths:2 | Got the Dissertation on Pyromania and the Storm
 65626 | Depths:2 | Found a burning altar of Makhleb.
 65669 | Depths:2 | Learned a level 4 spell: Iskenderun's Mystic Blast
 65676 | Depths:2 | Learned a level 6 spell: Dispersal
 65682 | Depths:2 | Identified a scroll of acquirement
 65683 | Depths:2 | Acquired the +0 hat "Damnable Contraption" {^Drain rF+
                  | Int+8 Stlth+}
 66407 | Depths:3 | Paralysed by an air elemental for 1 turns
 66417 | Depths:3 | Paralysed by an air elemental for 1 turns
 67025 | Depths:3 | Reached skill level 15 in Conjurations
 67296 | Depths:3 | Identified the +1 halberd of Rips {chaos, rF++ Str+2 Dex-2}
 67306 | Depths:3 | Found a one-way gate to the infinite horrors of the Abyss.
 67337 | Depths:3 | Identified the ring of Eternal Harmony {+Blink rF+++ rC-
                  | rCorr Dex+6}
 67563 | Depths:4 | Entered Level 4 of the Depths
 67571 | Depths:4 | Found a shimmering blue altar of Sif Muna.
 67713 | Depths:4 | Learned a level 5 spell: Summon Forest
 67860 | Depths:4 | Found a one-way gateway to a ziggurat.
 67860 | Depths:4 | Noticed a dread lich
 68230 | Depths:4 | Reached XP level 25. HP: 201/201 MP: 37/44
 69449 | Depths:4 | Found a gate to the Realm of Zot.
 69521 | Depths:4 | Got the Dissertation on Amathomancy
 70402 | Vaults:5 | Entered Level 5 of the Vaults
 70580 | Vaults:5 | Identified the +2 chain mail of the Mauling Gods {+Inv rN+
                  | Dex+4}
 70821 | Vaults:5 | Identified the staff "Emysoani" {rF+ rN+ Fire}
 71344 | Depths:1 | You paid a toll of +3 gold dragon scales to enter a
                  | treasure trove
 71345 | Trove    | Entered a treasure trove
 71347 | Trove    | Found a bloodstained altar of Trog.
 71378 | Trove    | Identified the +11 long sword of Non Obstante Veredicto
                  | {antimagic, *Noise rF++ rN+}
 71379 | Trove    | Identified the +7 lajatang of Vanity {heavy, Int+3}
 71380 | Trove    | Identified the +5 quarterstaff "Orb Guardian's Foe"
                  | {protect, rPois}
 71878 | Vaults:5 | Noticed a dread lich
 71898 | Vaults:4 | Killed a dread lich
 72063 | Vaults:5 | Noticed an ancient lich
 72071 | Vaults:5 | Killed an ancient lich
 72110 | Vaults:5 | Identified the staff "Biudugh" {rC+ rCorr Int+3 Ice}
 72129 | Vaults:5 | Identified the ring "Vukisul" {Fire *Slow rElec rCorr
                  | Dex+3}
 72519 | Vaults:5 | Reached XP level 26. HP: 211/211 MP: 44/44
 73397 | Vaults:5 | Got a silver rune of Zot
 73458 | Vaults:5 | Found the +8 Vampire's Tooth {megavamp}
 73486 | Vaults:5 | Got the Secrets of Solid Calling
 73575 | Vaults:5 | Got the Directory of the Body and the Adder
 73600 | Vaults:5 | Got the Folio of the Breezy Body
 73997 | Vaults:5 | Identified the staff "Riel" {rCorr Str-4 Air Earth}
 74782 | Vaults:4 | Bought the +1 robe of Vines {NoPotionHeal Regen++++} for
                  | 1600 gold pieces
 74782 | Vaults:4 | Found the +1 robe of Vines {NoPotionHeal Regen++++}
 75060 | Zot:1    | Entered Level 1 of the Realm of Zot
 75221 | Zot:1    | Reached skill level 15 in Hexes
 75221 | Zot:1    | Reached skill level 15 in Summonings
 75221 | Zot:1    | Reached skill level 15 in Necromancy
 75221 | Zot:1    | Reached skill level 15 in Translocations
 75221 | Zot:1    | Reached skill level 15 in Transmutations
 75221 | Zot:1    | Reached skill level 15 in Fire Magic
 75221 | Zot:1    | Reached skill level 15 in Ice Magic
 75221 | Zot:1    | Reached skill level 15 in Air Magic
 75221 | Zot:1    | Reached skill level 15 in Earth Magic
 75221 | Zot:1    | Reached skill level 15 in Poison Magic
 75276 | Zot:1    | Upgraded the game from 0.31-a0-1178-gc5c9b8f871 to
                  | 0.31-a0-1204-ge2c1a860ed
 76474 | Zot:2    | Noticed Vv
 76525 | Zot:2    | Killed Vv
 76563 | Zot:2    | Reached XP level 27. HP: 178/219 MP: 39/45
 76606 | Zot:2    | Noticed Parghit
 76922 | Zot:2    | Killed Parghit
 77046 | Zot:2    | HP: 10/219 [??? (8)]
 77048 | Zot:2    | Upgraded the game from 0.31-a0-1204-ge2c1a860ed to
                  | 0.31-a0-1206-g41278d8d1d
 79369 | Zot:2    | Learned a level 7 spell: Haunt
 81098 | Zot:4    | Gained mutation: You are frail. (-10% HP) [a shining eye]
 82661 | Zot:5    | Entered Level 5 of the Realm of Zot
 83607 | Zot:5    | Noticed an orb of fire
 84190 | Zot:5    | Noticed an ancient lich
 84217 | Zot:5    | Killed an ancient lich
 84244 | Zot:5    | Noticed an orb of fire
 84252 | Zot:5    | Gained mutation: Armour fits poorly on your strangely
                  | shaped body. [an orb of fire]
 84268 | Zot:5    | Killed an orb of fire
 84320 | Zot:5    | Killed an orb of fire
 84398 | Zot:5    | Noticed an orb of fire
 84402 | Zot:5    | Noticed an orb of fire
 84407 | Zot:5    | Gained mutation: You occasionally shout uncontrollably at
                  | your foes. [an orb of fire]
 84426 | Zot:5    | Killed an orb of fire
 84429 | Zot:5    | Killed an orb of fire
 84657 | Zot:5    | Noticed an orb of fire
 84657 | Zot:5    | Noticed an orb of fire
 84658 | Zot:5    | Noticed an orb of fire
 84660 | Zot:5    | Gained mutation: You have sharp fingernails. [an orb of
                  | fire]
 84660 | Zot:5    | Gained mutation: You have hidden genetic defects. [an orb
                  | of fire]
 84669 | Zot:5    | Gained mutation: Your body sometimes deteriorates upon
                  | taking damage. [an orb of fire]
 84688 | Zot:5    | Killed an orb of fire
 84689 | Zot:5    | Lost mutation: Your body sometimes deteriorates upon taking
                  | damage. [an orb of fire]
 84691 | Zot:5    | Killed an orb of fire
 84890 | Zot:5    | Killed an orb of fire
 85782 | Zot:5    | Learned a level 9 spell: Shatter
 85816 | Zot:5    | Noticed an orb of fire
 85851 | Zot:5    | Killed an orb of fire
 86082 | Zot:5    | Noticed an orb of fire
 86098 | Zot:5    | Noticed an ancient lich
 86109 | Zot:5    | Killed an orb of fire
 86117 | Zot:5    | Killed an ancient lich
 86156 | Zot:5    | Gained mutation: You are dopey. (Int -2) [hidden defects]
 86173 | Zot:5    | Noticed an orb of fire
 86175 | Zot:5    | Noticed an orb of fire
 86178 | Zot:5    | Noticed an orb of fire
 86179 | Zot:5    | Gained mutation: Your spells are a little easier to cast,
                  | but a little less powerful. [an orb of fire]
 86180 | Zot:5    | Killed an orb of fire
 86180 | Zot:5    | Gained mutation: You occasionally lose the ability to read
                  | scrolls when taking damage. [an orb of fire]
 86183 | Zot:5    | Noticed an orb of fire
 86184 | Zot:5    | Killed an orb of fire
 86184 | Zot:5    | Killed an orb of fire
 86190 | Zot:5    | Killed an orb of fire
 86210 | Zot:5    | Gained mutation: You sometimes lose the ability to read
                  | scrolls when taking damage. [hidden defects]
 86210 | Zot:5    | Lost mutation: You have hidden genetic defects. [hidden
                  | defects expressed]
 86338 | Zot:5    | Lost mutation: You are frail. (-10% HP) [potion of
                  | mutation]
 86338 | Zot:5    | Lost mutation: You occasionally shout uncontrollably at
                  | your foes. [potion of mutation]
 86338 | Zot:5    | Lost mutation: You sometimes lose the ability to read
                  | scrolls when taking damage. [potion of mutation]
 86338 | Zot:5    | Lost mutation: Your spells are a little easier to cast, but
                  | a little less powerful. [potion of mutation]
 86338 | Zot:5    | Gained mutation: You have large cloven feet. [potion of
                  | mutation]
 86339 | Zot:5    | Lost mutation: Armour fits poorly on your strangely shaped
                  | body. [potion of mutation]
 86339 | Zot:5    | Lost mutation: You occasionally lose the ability to read
                  | scrolls when taking damage. [potion of mutation]
 86339 | Zot:5    | Gained mutation: You are frail. (-10% HP) [potion of
                  | mutation]
 86339 | Zot:5    | Gained mutation: You are partially covered in iridescent
                  | scales. (AC +2) [potion of mutation]
 86339 | Zot:5    | Gained mutation: You have a pair of small horns on your
                  | head. [potion of mutation]
 86340 | Zot:5    | Lost mutation: You are frail. (-10% HP) [potion of
                  | mutation]
 86340 | Zot:5    | Lost mutation: You are dopey. (Int -2) [potion of mutation]
 86340 | Zot:5    | Gained mutation: Your body sometimes deteriorates upon
                  | taking damage. [potion of mutation]
 86340 | Zot:5    | Gained mutation: You are mostly covered in iridescent
                  | scales. (AC +4) [potion of mutation]
 87754 | Zot:5    | Got the Orb of Zot
 87832 | Zot:4    | Noticed Nalytzuj the pandemonium lord
 87843 | Zot:4    | Killed Nalytzuj the pandemonium lord
 88043 | D:15     | Noticed a seraph
 88059 | D:15     | Killed a seraph
 88366 | D:$      | Escaped with the Orb!

Illustrated notes

Levels and vault maps discovered:
D:1:      dpeg_arrival_pits, layout_loops_corners,
          shapermc_ecumenical_altar_mp_highgroup, nrook_uturn
D:2:      layout_basic, minivault_4, fountainhead, uniq_robin
D:3:      layout_basic, portal_sewer_entry_b
D:4:      layout_rooms, hangedman_glass_teeth
D:5:      layout_basic, serial_shops, nicolae_shop_just_a_little_nook,
          kennysheep_decorative_pillar
D:6:      layout_loops_ring, grunt_gozag_statues,
          nicolae_overflow_hallway_of_the_gods, kennysheep_small_square,
          uniq_duvessa, uniq_blork_the_orc
D:7:      layout_loops_ring, minmay_temple_entry_fiery, serial_shops,
          nicolae_shop_just_a_little_nook
D:8:      layout_loops_ring, tgw_kikubaaqudgha, gammafunk_ghost_grave,
          serial_bayou, serial_bayou_shore_a, serial_bayou_lake_a,
          serial_bayou_pond_d, serial_bayou_lagoon_a, nicolae_titane
D:9:      layout_roguey, zombieorc2_lemuel
D:10:     layout_basic, lightli_temple_of_fire, amcnicky_altar_gilded,
          grunt_ministairs_7, kennysheep_windowed_goal, uniq_harold,
          uniq_amaemon, uniq_maggie
D:11:     layout_irregular_city, david_lair_shrubbed, serial_rivers,
          chequers_serial_rivers_small_3, chequers_serial_rivers_room_a,
          chequers_serial_rivers_room_b, chequers_serial_rivers_large_b,
          chequers_serial_rivers_room_b, uniq_grum
D:12:     layout_basic
D:13:     layout_loops_ring, bloody_trog
D:14:     layout_cave_pools, hellmonk_vaults_attempted_burglary,
          xom_redecorated, elyvilon_altar_5, uniq_kirke
D:15:     grunt_enter_depths_magical_seal, layout_loops_ring,
          kennysheep_crisscross, grunt_ministairs_9, st_stairs_3,
          minmay_misc_feat_doors, uniq_josephine
Temple:   eino_temple_lava
Lair:1:   beast_lair_carwin_large_1, layout_chaotic_city, grunt_megastairs_5,
          uniq_erica, uniq_nergalle
Lair:2:   layout_regular_city, elwin_shoals_entry_rocks,
          spider_nest_entry_rubble
Lair:3:   layout_roguey
Lair:4:   layout_hall_layers
Lair:5:   evilmike_catoblepas_cave, layout_cave_shapes,
          minmay_slime_entry_jelly_boxes, uniq_snorg
Shoals:1: gammafunk_sealed_arena, layout_shoals
Shoals:2: layout_shoals, nicolae_shoals_drake_roost
Shoals:3: layout_shoals, uniq_jorgrun
Shoals:4: shoals_end_grunt_ice, layout_shoals, uniq_polyphemus
Spider:1: layout_spider_delve, nicolae_looking_at_the_future
Spider:2: layout_chambers, hangedman_spider_tarantella_strand,
          nicolae_spider_cling_halls
Spider:3: layout_spider_delve, ebering_ghost_disaster_area
Spider:4: grunt_spider_rune_circles, uniq_louise
Orc:1:    layout_caves, basic_altar, gammafunk_ghost_split
Orc:2:    grunt_orc_tribal_feast, layout_caves, elf_legates
Elf:1:    elf_arrival_001, layout_gridlike, serial_shops, shop,
          evilmike_minifort, nicolae_custom_books,
          ebering_dispersal_statue_hall, door_vault, grunt_megastairs_3,
          uniq_aizul
Elf:2:    elven_hall_of_blades_hangedman_original
          [nicolae_blade_entry_diamond_columns], layout_geoelf_octagon
Elf:3:    minmay_elf_hall_furrowed, layout_geoelf_octagon,
          ebering_ghost_inner_flame, serial_shops, nicolae_shop_gaudy_bauble
Vaults:1: mu_enter_wizlab_3, vaults_dpeg_hooks,
          nicolae_vaults_bisected_inception, hangedman_vaults_river_flow,
          st_eye, vaults_room_grunt_arrival_ludios, nicolae_vaults_theta,
          vaults_dpeg_emergency_exit, nicolae_vaults_tetromino_T_2,
          nicolae_vaults_apartment_1, layout_vaults_chaotic_city
Vaults:2: nicolae_vaults_quartermaster, minmay_crypt_entry_simple_sparse,
          nicolae_vaults_more_shelving_2, nicolae_vaults_mini_display_case,
          ontoclasm_vaults_eye, nicolae_vaults_little_squares_3,
          nicolae_vaults_closet_pinwheel_2, nicolae_vaults_asterisk,
          nicolae_vaults_rhombus_6, layout_vaults_omnigrid
Vaults:3: lightli_church_of_beogh, nicolae_vaults_little_ls, v_misc_29,
          hangedman_vaults_pinch, grunt_vaults_trifunnel,
          nicolae_vaults_double_plus_1, nicolae_vaults_double_plus_2,
          hangedman_vaults_impose, nicolae_vaults_yaktaur_gun_rack,
          nicolae_vaults_tetromino_L_2, nicolae_vaults_frosty_reception,
          nicolae_vaults_wine_cellar, layout_vaults_omnicross
Vaults:4: minmay_guarded_unrand_secular_launcher, nicolae_vaults_specimen_jars,
          hangedman_vaults_maws, v_misc_5, nicolae_vaults_doubleplus_tesselated,
          hangedman_vaults_stitches, nicolae_vaults_prndl,
          hangedman_vaults_restitches, nicolae_vaults_trapezoid_lopsided_1,
          v_misc_23, nicolae_vaults_cochlea, nicolae_vaults_tetromino_Z_2,
          dpeg_vaults_monster_row, nicolae_vaults_octothorpe,
          nicolae_vaults_trapezoid_2, layout_vaults_omnibox, serial_shops,
          nicolae_shop_peninsula
Vaults:5
Depths:1: layout_gridlike, enter_trove_2, hellmouth_3, hangedman_decor_push,
          kennysheep_dice
Depths:2: minmay_the_grid_triangle_9x9_recursive_2
          [minmay_the_grid_triangle_9x9_prize_insulated,
          minmay_the_grid_triangle_9x9_skeleton,
          minmay_the_grid_triangle_9x9_shrine,
          minmay_the_grid_triangle_9x9_steps], layout_cave_shapes, minmay_holes,
          hell_entry, pan_entry, uniq_josephina
Depths:3: radiant_caverns_b_rkd, hell_entry, abyss_entry
Depths:4: lemuel_castle_with_subvaults [lemuel_castle_interior_carwin_3],
          layout_basic, enter_ziggurat_c, hellmonk_sif_muna_bookshelves,
          hell_entry
Zot:1:    layout_twisted_circle, hangedman_elemental_corridor
Zot:2:    regret_index_zot_pan_timeshare, layout_basic, uniq_parghit, uniq_vv
Zot:3:    layout_misc_corridors
Zot:4:    hangedman_orp_of_zott, layout_basic, zot_minivault_1
Zot:5:    layout_gridlike

Skill      XL: |  1  2  3  4  5  6  7  8  9 10 11 12 13 14 15 16 17 18 19 20 21 22 23 24 25 26 27 |
---------------+----------------------------------------------------------------------------------+-----
Spellcasting   | 5 6 7 8 9 10 11 12 13 14 15 16 17 18 20 | 20.2
Invocations    | 1 2 3 4 5 6 7 8 9 10 11 12 13 14 15 16 17 18 19 21 | 21.2
Short Blades   | 1 2 3 4 5 6 8 9 10 11 12 13 14 15 16 17 18 19 | 19.7
Long Blades    | 1 2 3 4 5 6 8 9 10 11 12 13 14 15 16 17 18 19 | 19.7
Axes           | 1 2 3 4 5 6 8 9 10 11 12 13 14 15 16 17 18 19 | 19.7
Polearms       | 1 2 3 4 5 6 8 9 10 11 12 13 14 15 16 17 18 19 | 19.7
Staves         | 1 2 3 4 5 6 8 9 10 11 12 13 14 15 16 17 18 19 | 19.7
Ranged Weapons | 1 2 3 4 5 6 8 9 10 11 12 13 14 15 16 17 18 19 20 21 24 | 24.3
Throwing       | 1 2 3 4 5 6 8 9 10 11 12 13 14 15 16 17 18 19 | 19.7
Armour         | 1 2 3 4 5 6 8 9 10 11 12 13 14 15 16 17 18 19 | 19.7
Stealth        | 1 2 3 4 5 6 8 9 10 11 12 13 14 15 16 17 18 19 | 19.7
Shields        | 1 2 3 4 5 6 8 9 10 11 12 13 14 15 16 17 18 19 | 19.7
Unarmed Combat | 1 2 3 4 5 6 8 9 10 11 12 13 14 15 16 17 18 19 | 19.7
Evocations     | 1 2 3 4 5 6 8 9 10 11 12 13 14 15 16 17 18 19 | 19.7
Shapeshifting  | 1 2 3 4 5 6 7 8 9 10 11 12 13 14 15 16 18 | 18.2
Hexes          | 1 2 3 4 5 6 7 8 9 10 11 12 13 14 15 16 | 16.8
Summonings     | 1 2 3 4 5 6 7 8 9 10 11 12 13 14 15 16 | 16.8
Necromancy     | 1 2 3 4 5 6 7 8 9 10 11 12 13 14 15 16 | 16.8
Translocations | 1 2 3 4 5 6 7 8 9 10 11 12 13 14 15 16 | 16.8
Transmutations | 1 2 3 4 5 6 7 8 9 10 11 12 13 14 15 16 | 16.8
Fire Magic     | 1 2 3 4 5 6 7 8 9 10 11 12 13 14 15 16 | 16.8
Ice Magic      | 1 2 3 4 5 6 7 8 9 10 11 12 13 14 15 16 | 16.8
Air Magic      | 1 2 3 4 5 6 7 8 9 10 11 12 13 14 15 16 | 16.8
Earth Magic    | 1 2 3 4 5 6 7 8 9 10 11 12 13 14 15 16 | 16.8
Poison Magic   | 1 2 3 4 5 6 7 8 9 10 11 12 13 14 15 16 | 16.8
Fighting       | 5 6 7 8 9 10 11 12 13 14 15 16 17 18 20 | 20.1
Dodging        | 5 6 7 8 9 10 11 12 13 14 16 17 18 19 20 21 24 | 24.3
Maces & Flails | 7 8 9 10 11 12 13 14 15 16 17 18 19 20 | 20.5
Conjurations   | 6 7 8 9 10 11 12 13 14 15 16 17 | 17.5

Action                     |  1- 3 |  4- 6 |  7- 9 | 10-12 | 13-15 | 16-18 | 19-21 | 22-24 | 25-27 || total
---------------------------+-------+-------+-------+-------+-------+-------+-------+-------+-------++-------
  Melee: Mace              |    95 |       |    14 |       |       |       |       |       |       ||   109
         Bite              |    10 |    16 |    88 |    70 |   160 |   163 |   104 |   233 |   523 ||  1367
         Punch             |     3 |     3 |    19 |    21 |       |       |       |       |       ||    46
         Dagger            |    28 |   245 |   562 |   296 |       |       |       |       |       ||  1131
         Demon whip        |       |       |       |   165 |   756 |   562 |       |       |   268 ||  1751
         Demon trident     |       |       |       |       |       |   298 |   585 |  1370 |  2315 ||  4568
         Quick blade       |       |       |       |       |       |       |       |       |     7 ||     7
         Kick              |       |       |       |       |       |       |       |       |    23 ||    23
         Headbutt          |       |       |       |       |       |       |       |       |    22 ||    22
  Throw: Dart              |       |       |    15 |    13 |     2 |    11 |    13 |       |       ||    54
         Javelin           |       |       |       |       |       |       |       |       |     3 ||     3
   Cast: Kiss of Death     |     1 |     2 |     4 |     2 |     1 |     1 |       |       |       ||    11
         Momentum Strike   |     1 |       |       |     3 |     3 |     3 |       |       |       ||    10
         Sticky Flame      |       |       |       |    48 |    81 |    46 |     7 |     2 |     5 ||   189
         Magic Dart        |       |       |       |   133 |   385 |   524 |   218 |   169 |       ||  1429
         Iskenderun's Batt |       |       |       |    29 |    87 |   116 |    59 |    42 |     2 ||   335
         Flame Wave        |       |       |       |    16 |    19 |    54 |    24 |    10 |     8 ||   131
         Blink             |       |       |       |     2 |     4 |     2 |     6 |     3 |     9 ||    26
         Vampiric Draining |       |       |       |       |    14 |     5 |       |       |       ||    19
         Vhi's Electric Ch |       |       |       |       |     1 |     6 |     4 |       |    20 ||    31
         Plasma Beam       |       |       |       |       |       |    59 |    82 |   120 |    60 ||   321
         Lee's Rapid Decon |       |       |       |       |       |     5 |     9 |     8 |     4 ||    26
         Fireball          |       |       |       |       |       |       |       |    14 |     9 ||    23
         Summon Forest     |       |       |       |       |       |       |       |     1 |     7 ||     8
         Dispersal         |       |       |       |       |       |       |       |       |     7 ||     7
         Iskenderun's Myst |       |       |       |       |       |       |       |       |     8 ||     8
         Haunt             |       |       |       |       |       |       |       |       |    13 ||    13
         Shatter           |       |       |       |       |       |       |       |       |     3 ||     3
 Invoke: Bend Time         |       |       |       |     3 |     3 |     1 |     2 |       |     6 ||    15
         Step From Time    |       |       |       |       |     1 |     1 |       |       |       ||     2
         Slouch            |       |       |       |       |     1 |     1 |       |       |     7 ||     9
         Temporal Distorti |       |       |       |       |     1 |       |       |       |     4 ||     5
  Evoke: Wand              |       |     3 |    17 |    18 |     1 |     2 |     4 |       |     4 ||    49
         Phantom mirror    |       |       |       |       |       |       |       |       |     1 ||     1
         Box of beasts     |       |       |       |       |       |       |       |       |     2 ||     2
         Lightning rod     |       |       |       |       |       |       |       |       |     4 ||     4
    Use: Potion            |     1 |       |     1 |     7 |     2 |     5 |     3 |       |    15 ||    34
         Scroll            |       |     8 |     4 |     5 |     9 |    13 |     6 |     5 |    24 ||    74
   Stab: Sleeping          |     1 |     1 |     9 |     2 |     2 |     2 |     4 |    38 |    12 ||    71
         Distracted        |       |       |       |     1 |     3 |     2 |     3 |    28 |    43 ||    80
         Invisible         |       |       |       |       |       |     4 |       |       |     9 ||    13
         Confused          |       |       |       |       |       |       |       |       |     2 ||     2
 Armour: Leather armour    |    67 |   123 |   277 |       |       |       |       |       |       ||   467
         Steam dragon scal |       |       |       |   155 |       |       |       |       |       ||   155
         Swamp dragon scal |       |       |       |   102 |   327 |       |       |       |       ||   429
         Skin              |       |       |       |     2 |       |       |       |       |       ||     2
         Ice dragon scales |       |       |       |       |       |   386 |   182 |    82 |       ||   650
         Plate armour      |       |       |       |       |       |       |       |   132 |   575 ||   707
         Robe              |       |       |       |       |       |       |       |       |     5 ||     5
  Dodge: Dodged            |    81 |   185 |   313 |   370 |   678 |   753 |   371 |   488 |  1155 ||  4394
  Block: Buckler           |       |       |       |    64 |   372 |       |       |       |       ||   436
         Kite shield       |       |       |       |       |       |  1289 |   792 |   952 |  1950 ||  4983
         Reflection        |       |       |       |       |       |    48 |    66 |    60 |    67 ||   241

Table legend: (Time is in decaauts)
 A = Elapsed time spent in this place.
 B = Non-inter-level travel time spent in this place.
 C = Inter-level travel time spent in this place.
 D = Time resting spent in this place.
 E = Time spent auto-exploring this place.
 F = Levels seen in this place.
 G = Mean time per level.
                   A        B        C        D        E       F      G
               +--------+--------+--------+--------+--------+-----+--------+
         Total | 122733 | 107520 |  15213 |  14444 |  73121 |  51 | 2406.5 |
       Dungeon |  30001 |  24172 |   5829 |   4226 |  15722 |  15 | 2000.1 |
        Temple |     21 |      9 |     12 |      0 |      0 |   1 |   21.0 |
          Lair |  12119 |  10905 |   1214 |   1404 |   7743 |   5 | 2423.8 |
        Shoals |  10000 |   9461 |    539 |   2135 |   6164 |   4 | 2500.0 |
   Spider Nest |  10067 |   9328 |    739 |   1312 |   6114 |   4 | 2516.8 |
  Orcish Mines |   4375 |   3589 |    786 |    294 |   2551 |   2 | 2187.5 |
   Elven Halls |   6609 |   5844 |    765 |    282 |   4324 |   3 | 2203.0 |
        Vaults |  19576 |  17800 |   1776 |   1876 |  12922 |   5 | 3915.2 |
        Depths |  10977 |   9256 |   1721 |    354 |   7004 |   4 | 2744.2 |
           Zot |  17046 |  15218 |   1828 |   2541 |   9626 |   5 | 3409.2 |
         Trove |    183 |    183 |      0 |      0 |     64 |   1 |  183.0 |
         Sewer |    971 |    971 |      0 |      5 |    433 |   1 |  971.0 |
        Wizlab |    782 |    782 |      0 |     13 |    452 |   1 |  782.0 |
               +--------+--------+--------+--------+--------+-----+--------+

Top non-repeatable levels by time:
   Zot:5: 5649 daAuts
Vaults:4: 4505 daAuts
Vaults:5: 4321 daAuts
Vaults:1: 3889 daAuts
Depths:4: 3836 daAuts
  Lair:4: 3806 daAuts
   Zot:2: 3793 daAuts
Vaults:2: 3735 daAuts
   Zot:4: 3300 daAuts
    D:15: 3295 daAuts
    D:11: 3269 daAuts
     D:9: 3250 daAuts
Vaults:3: 3123 daAuts
   Zot:1: 3119 daAuts
Spider:3: 3085 daAuts
